 Dungeon Crawl Stone Soup version 0.19-a0-599-g723c685 (webtiles) character file.

646 st0uf the Chopper (level 7, -3/55 HPs)
             Began as a Formicid Fighter on June 12, 2016.
             Killed from afar by an orc wizard (8 damage)
             ... with a magic dart
             ... on level 4 of the Dungeon.
             The game lasted 00:10:13 (3037 turns).

st0uf the Chopper (Formicid Fighter)                Turns: 3037, Time: 00:10:14

Health: -3/55      AC:  9    Str: 23    XL:     7   Next: 82%
Magic:  7/7        EV:  9    Int:  9    God:
Gold:   173        SH: 10    Dex: 10    Spells: 0 memorised, 6 levels left

rFire  . . .     SeeInvis +     a - +0 war axe
rCold  . . .     Gourm    .     b - +0 scale mail
rNeg   . . .     Faith    .     c - +0 shield
rPois  .         Spirit   .     (helmet unavailable)
rElec  .         Dismiss  .     (no cloak)
rCorr  .         Reflect  .     s - +0 pair of gloves
SustAt .         Harm     .     x - +0 pair of boots
MR     .....                    (no amulet)
Stlth  ..........               u - ring of loudness (curse)
                                n - +2 ring of intelligence (curse)

@: not resistant to hostile enchantments, extremely unstealthy
A: permanent stasis, dig shafts and tunnels, four strong arms, antennae 3
a: Dig, Shaft Self


You were on level 4 of the Dungeon.
You were not hungry.

You visited 1 branch of the dungeon, and saw 4 of its levels.

You collected 173 gold pieces.

Inventory:

Hand Weapons
 a - a +0 war axe (weapon)
 i - a +0 hunting sling
Missiles
 e - 116 stones (quivered)
 g - 25 sling bullets
Armour
 b - a +0 scale mail (worn)
 c - a +0 shield (worn)
 s - a +0 pair of gloves (worn)
 x - a +0 pair of boots (worn)
Jewellery
 n - a cursed +2 ring of intelligence (left hand)
 u - a cursed ring of loudness (right hand)
Wands
 o - a wand of flame (10/48)
 q - a wand of lightning (8/15)
Scrolls
 j - 2 scrolls of identify {unknown}
 k - a scroll of fear {unknown}
 l - a scroll of noise {unknown}
 m - 2 scrolls of magic mapping {unknown}
 p - 2 scrolls of random uselessness {unknown}
 w - a scroll of enchant weapon {unknown}
 y - a scroll of teleportation {unknown}
Potions
 d - 2 potions of cure mutation {unknown}
 t - a potion of might
 v - a potion of lignification {unknown}
Comestibles
 f - 6 bread rations
 h - 4 meat rations
 r - 3 chunks of flesh


   Skills:
 + Level 4.7 Fighting
 * Level 5.1 Axes
 + Level 4.6 Armour
 + Level 2.7 Dodging
 + Level 5.1 Shields


You had 6 spell levels left.
You didn't know any spells.

Dungeon Overview and Level Annotations

Branches:
Dungeon (4/15)
 Temple: D:4-7

Altars:
Dithmenos
Ru
Sif Muna


Innate Abilities, Weirdness & Mutations

You are under a permanent stasis effect.
You can dig through walls and to a lower floor.
Your four strong arms can wield two-handed weapons with a shield.
You have a pair of large antennae on your head. (SInv)


Message History

The orc priest completely misses you. You block the orc's attack.
You barely miss the orc. You hit the orc wizard.
The orc wizard is heavily wounded.
You hit the orc priest.
The orc priest is heavily wounded.
The orc wizard gestures wildly while chanting.
The orc wizard blinks!
The orc priest hits you. The orc hits you but does no damage.
The orc priest invokes the aid of Beogh against you.
Pain shoots through your body!
* * * LOW HITPOINT WARNING * * *
You slash the orc priest!
You kill the orc priest!
You slash the orc!
You kill the orc!
The orc wizard gestures at you while chanting.
Your stasis keeps you stable.
The orc wizard casts a spell at you. The magic dart hits you!
You die...

.......#........#..........#
.###.###.######.###.......##
.###. #.# ##.###########
..#.. ..# #....# ..#.. #..#
#....# ..# #..+ ##..## ..#
#o.## ### #...# # #.@.# .
......[)..# .. .....##..##
... .... #..# ### #... #...#
#..## #..#


You could see an orc wizard.

Vanquished Creatures
  Grinder (D:4)
  An ogre (D:4)
  A howler monkey (D:4)
  An orc wizard (D:3)
  An orc priest (D:4)
  A hound (D:4)
  Robin (D:2)
  10 adders
  3 oozes
  5 worms
  3 dart slugs
  A giant gecko (D:2)
  5 orcs
  6 ball pythons
  2 bat zombies (D:1)
  6 giant cockroaches
  18 goblins
  11 hobgoblins
  5 jackals (D:3)
  7 kobolds
  6 bats
  4 giant newts
  7 rats
106 creatures vanquished.

Notes
Turn   | Place    | Note
--------------------------------------------------------------
     0 | D:1      | st0uf the Formicid Fighter began the quest for the Orb.
     0 | D:1      | Reached XP level 1. HP: 18/18 MP: 1/1
   100 | D:1      | Reached XP level 2. HP: 24/24 MP: 2/2
   248 | D:1      | Reached XP level 3. HP: 24/29 MP: 3/3
   918 | D:2      | Noticed Robin
   924 | D:2      | Reached XP level 4. HP: 20/36 MP: 4/4
   933 | D:2      | Killed Robin
  1405 | D:2      | Reached XP level 5. HP: 15/42 MP: 5/5
  1418 | D:2      | HP: 2/42 [poisoned by an adder]
  2019 | D:2      | Reached skill level 1 in Dodging
  2306 | D:3      | Reached XP level 6. HP: 33/48 MP: 6/6
  2510 | D:3      | Found a deep blue altar of Sif Muna.
  2510 | D:3      | Found a sacrificial altar of Ru.
  2578 | D:3      | Found a shadowy altar of Dithmenos.
  2681 | D:4      | Noticed an ogre
  2723 | D:4      | Killed an ogre
  2738 | D:4      | Reached XP level 7. HP: 29/55 MP: 7/7
  3009 | D:4      | Noticed Grinder
  3020 | D:4      | Killed Grinder
  3020 | D:4      | Reached skill level 5 in Axes
  3020 | D:4      | Reached skill level 5 in Shields
  3037 | D:4      | Killed from afar by an orc wizard

Vault maps used:
D:1:      saegor_arrival_fortress, minmay_misc_feat_room, serial_bayou_ford_a,
          minmay_circled_x
D:2:      kennysheep_generic_room_11, uniq_robin
D:3:      nicolae_dithmenos_through_a_glass_darkly,
          gammafunk_temple_overflow_elements, first_bread
D:4:      uniq_blork_the_orc, uniq_grinder

Skill      XL: |  1  2  3  4  5  6  7 |
---------------+----------------------+-----
Axes           | 3 4 5 |  5.1
Shields        | 4 5 |  5.1
Armour         | 4 |  4.6
Fighting       | 4 |  4.7
Dodging        | 1 2 |  2.7

Action                   |  1- 3 |  4- 6 |  7- 9 || total
-------------------------+-------+-------+-------++-------
Melee: War axe           |    80 |   260 |    21 ||   361
  Use: Potion            |       |     3 |       ||     3
  Eat: Chunk             |       |     6 |     2 ||     8
Armor: Scale mail        |    54 |    97 |     7 ||   158
Dodge: Dodged            |    23 |    90 |     9 ||   122
Block: Shield            |    48 |   132 |     7 ||   187
